cohdb
Replays
Latest Replays
All Replays
Popular Replays
Top Player Replays
Match Explorer
How It Works
Community
CoH3 Stats
Reddit
Sign in to upload your games and track your stats! →
Sign in with Steam
Match 44512378
Unlisted
Match 44512378
Overview
Messages
Build Orders
End
Royal Engineer Section
Construct Section Command Post
Dingo Light Scout Car
Infantry Section
Infantry Section
Construct Platoon Command Post
Vickers Machine Gun Team
Construct Field Infirmary
Humber Armored Car
Humber Armored Car
Light Vehicle Training
CMP 15cwt Truck
Vickers Machine Gun Team
Selects Canadian Shock Battlegroup
Selects Attacking Spirit
Selects Incendiary Munitions
Selects Canadian Shock Section
Selects Pyrotechnics
Construct Company Command Post
Grenade Package
Matilda II Heavy Tank
6-pounder Anti-tank Gun Team
Canadian Shock Section
Selects Churchill Crocodile Heavy Tank
Churchill Crocodile Heavy Tank
Armored Vehicle Training
Infantry Training
Team Weapon Training
Matilda II Heavy Tank
DrewP
Dillbro
Non Nobis Domine
HRE Wasnt German
0
0
Comments
sign in to comment!
No comments posted yet!